 Dungeon Crawl Stone Soup version 0.27-a0-828-g8289197e94 (webtiles) character file.

Game seed: 6310784729386928089

65 dickylongcocking the Insei (level 4, -3/28 HPs)
             Began as an Octopode Transmuter on Mar 31, 2021.
             Slain by Ijyb
             ... wielding a +0 club
              (7 damage)
             ... on level 3 of the Dungeon.
             The game lasted 00:01:10 (2490 turns).

dickylongcocking the Insei (Octopode Transmuter)    Turns: 2490, Time: 00:01:10

Health: -3/28      AC: -3    Str:  7 (9)  XL:     4   Next: 14%
Magic:  7/7        EV: 13    Int: 13 (16) God:
Gold:   71         SH:  0    Dex: 11 (12) Spells: 3/7 levels left

rFire    . . .     SeeInvis .     - Unarmed
rCold    . . .     Faith    .   (no shield)
rNeg     . . .     Spirit   .   (helmet restricted)
rPois    .         Reflect  .   (no amulet)
rElec    .         Harm     .   (no ring)
rCorr    .         Rampage  .   (no ring)
Will     .....                  (no ring)
Stlth    ++........             (no ring)
HPRegen  0.09/turn              (no ring)
MPRegen  0.10/turn              (no ring)
                                (no ring)
                                (no ring)

@: corroded
A: almost no armour, amphibious, 8 rings, camouflage 1, gelatinous body 1,
(nimble swimmer 1), tentacles
a: no special abilities


You were on level 3 of the Dungeon.
You visited 1 branch of the dungeon, and saw 3 of its levels.

You collected 71 gold pieces.

Inventory:

Wands
 g - a wand of flame (15)
 i - a wand of acid (10)
Scrolls
 b - 2 scrolls of identify {unknown}
 c - a scroll of magic mapping {unknown}
 d - a scroll of enchant weapon {unknown}
 h - 3 scrolls of teleportation {unknown}
Potions
 e - a potion of lignification {unknown}
 f - 4 potions of heal wounds {unknown}
 j - a potion of berserk rage {unknown}
 k - 2 potions of cancellation {unknown}


   Skills:
 - Level 1.0 Fighting
 - Level 2.0 Dodging
 * Level 4.2 Unarmed Combat
 - Level 2.0 Spellcasting
 * Level 3.0 Transmutations


You had 3 spell levels left.
You knew the following spells:

 Your Spells              Type           Power      Damage    Failure   Level
a - Beastly Appendage     Tmut           18%        N/A       8%          1
c - Spider Form           Tmut/Pois      2%         N/A       38%         3

Your spell library contained the following spells:

 Spells                   Type           Power      Damage    Failure   Level
 Wereblood                Tmut           9%         N/A       11%         2
 Magic Dart               Conj           4%         1d3       26%         1
 Blink                    Tloc           N/A        N/A       36%         2
 Call Imp                 Summ           1%         N/A       36%         2
 Slow                     Hex            1%         N/A       36%         2
 Conjure Flame            Conj/Fire      1%         6-21      58%         3
 Mephitic Cloud           Conj/Pois/Air  1%         N/A       58%         3
 Ice Form                 Ice/Tmut       5%         N/A       80%         4
 Hydra Form               Tmut           4%         N/A       90%         5


Dungeon Overview and Level Annotations

Branches:
Dungeon (3/15)

Altars:

Annotations:
D:3 Ijyb


Innate Abilities, Weirdness & Mutations

You cannot wear most types of armour.
You are amphibious.
You can wear up to eight rings at the same time.
Your skin changes colour to match your surroundings (Stealth+).
Your rubbery body absorbs attacks. (AC +1, EV +1)
((You are camouflaged near water. (Stealth+)))
You have tentacles for arms and can constrict up to eight enemies at once.


Message History

No target in view!
Done exploring.
No target in view!
No target in view!
Key pressed, stopping explore.
No target in view!
Done exploring.
Done exploring.
There's nothing to open nearby.
(D) Dungeon
Where to? (Enter - D:2, ? - help)
Okay, then.
Unknown command.
(D) Dungeon
Where to? (Enter - D:2, ? - help)
There is a stone staircase leading down here.
You climb downwards.
There is a stone staircase leading up here.
Found a scale mail.
f - 4 murky dark potions (gained 1) No target in view!
Ijyb the Twisted Goblin comes into view.
She is wielding a +0 club, wearing a +2 leather armour of willpower and carrying a wand of acid (7).
Ijyb is nearby!
Ijyb shouts!
Ijyb is nearby!
Ijyb screams, "I cut your head off!"
You closely miss Ijyb. You grab Ijyb. You constrict Ijyb, but do no damage.
Ijyb drinks a potion.
Ijyb seems to speed up.
A goblin comes into view. It is wielding a +0 club.
You barely miss Ijyb. You constrict Ijyb, but do no damage.
The goblin shouts!
Ijyb closely misses you.
Ijyb zaps a wand.
The bolt of acid hits you!
Ouch! That really hurt!
The acid corrodes you!
You are splashed with acid!
* * * LOW HITPOINT WARNING * * *
It was a potion of degeneration.
There was something very wrong with that liquid.
You feel weakened.
You feel dopey.
You feel clumsy.
You constrict Ijyb. Ijyb hits you with a +0 club!
You die...

#......# #....#
...#.##.# #..###
####.##.#####.##
####.......#
###.#.#.#
#.#.#.# #.#.#.#
#.#.#.# #@#.#.#
#g......#
.##.#.#.# #. ...
#g ##. #. .# #.
# #.


You could see Ijyb (fast) and a goblin.

Vanquished Creatures
  Jessica (D:2)
  2 dart slugs (D:1)
  5 bats
  2 endoplasms (D:1)
  2 goblins
  3 hobgoblins
  3 jackals (D:1)
  3 kobolds
  3 quokkas
  4 ball pythons
  3 frilled lizards
  5 rats
36 creatures vanquished.

Notes
Turn   | Place    | Note
-------+----------+-------------------------------------------
     0 | D:1      | dickylongcocking the Octopode Transmuter began the quest
                  | for the Orb.
     0 | D:1      | Reached XP level 1. HP: 13/13 MP: 3/3
   257 | D:1      | Reached XP level 2. HP: 18/18 MP: 5/5
  1139 | D:1      | Reached XP level 3. HP: 5/23 MP: 6/6
  1999 | D:2      | Noticed Jessica
  2011 | D:1      | Learned a level 3 spell: Spider Form
  2021 | D:2      | Killed Jessica
  2022 | D:2      | Reached skill level 4 in Unarmed Combat
  2022 | D:2      | Reached XP level 4. HP: 24/28 MP: 1/7
  2483 | D:3      | Noticed Ijyb
  2490 | D:3      | Slain by Ijyb

Illustrated notes

Levels and vault maps discovered:
D:1:      ncdulo_wetmaze, layout_basic
D:2:      layout_rooms, uniq_jessica
D:3:      layout_loops_ring, nicolae_wu_jian_immortal_techniques, uniq_ijyb

Skill      XL: |  1  2  3  4 |
---------------+-------------+-----
Unarmed Combat | 4 |  4.2
Transmutations | 3 |  3.0
Fighting       | |  1.0
Dodging        | |  2.0
Spellcasting   | |  2.0

Action                   |  1- 3 |  4- 6 || total
-------------------------+-------+-------++-------
Melee: Unarmed           |    79 |    15 ||    94
       Constrict         |    19 |     4 ||    23
       Tentacles         |    11 |     2 ||    13
       Kick              |     3 |       ||     3
       Punch             |     2 |     1 ||     3
 Cast: Beastly Appendage |     2 |       ||     2
       Spider Form       |     1 |       ||     1
  Use: Potion            |       |     1 ||     1
 Stab: Sleeping          |     8 |     2 ||    10
Armor: Skin              |     5 |       ||     5
Dodge: Dodged            |    36 |     7 ||    43

Table legend: (Time is in decaauts)
 A = Elapsed time spent in this place.
 B = Non-inter-level travel time spent in this place.
 C = Inter-level travel time spent in this place.
 D = Time resting spent in this place.
 E = Time spent auto-exploring this place.
 F = Levels seen in this place.
 G = Mean time per level.
                   A        B        C        D        E       F      G
               +--------+--------+--------+--------+--------+-----+--------+
         Total |   2483 |   2408 |     75 |    407 |   1741 |   3 |  827.7 |
       Dungeon |   2483 |   2408 |     75 |    407 |   1741 |   3 |  827.7 |
               +--------+--------+--------+--------+--------+-----+--------+

Top non-repeatable levels by time:
     D:1: 1841 daAuts
     D:2: 580 daAuts
     D:3: 61 daAuts
